3AAA
AUGUSTA TIMBER HAWKS @ SANTA BARBARA GOLDEN CRANES
06/24/2027
 
TOP OF THE 1ST
Augusta Timber Hawks batting - Pitching for Santa Barbara Golden Cranes : LHP Shunen Takahashi
Pitching: LHP Shunen Takahashi
Batting: LHB Luis Moreno 0-0: Swinging Strike
0-1: Ball
1-1: Ball
2-1: Fly out, F5 (Popup, 56)
Batting: SHB Javier Valle 0-0: Ball
1-0: Ball
2-0: Foul Ball, location: 2F
2-1: Ball
3-1: Called Strike
3-2: Fly out, F8 (Flyball, 8RS)
Batting: RHB Luis Tapia 0-0: Called Strike
0-1: Ball
1-1: Swinging Strike
1-2: Foul Ball, location: 2F
1-2: Fly out, F5 (Popup, 5S)
Top of the 1st over - 0 run(s), 0 hit(s), 0 error(s), 0 left on base; Augusta 0 - Santa Barbara 0
BOTTOM OF THE 1ST
Santa Barbara Golden Cranes batting - Pitching for Augusta Timber Hawks : RHP Ricardo Suárez
Pitching: RHP Ricardo Suárez
Batting: RHB Luis Trevino 0-0: Ball
1-0: Ball
2-0: Called Strike
2-1: Ball
3-1: Foul Ball, location: 2F
3-2: Base on Balls
Batting: LHB Sixto Álvarez 0-0: Ball
Luis Trevino steals 2nd base
1-0: Ball
2-0: Ball
3-0: Base on Balls
Batting: RHB Logan Manning 0-0: Ball
1-0: Called Strike
1-1: Ball
2-1: Ball
3-1: Swinging Strike
3-2: Strikes out swinging
Sixto Álvarez steals 2nd base
Batter strikes out.
Luis Trevino to third
Batting: RHB Gilbert Graham 0-0: Ball
1-0: Ball
2-0: Ball
3-0: Ground out 6-3 (Groundball, 6)
Luis Trevino scores
Batting: RHB Rubén Campos 0-0: Ground out 5-3 (Groundball, 56)
Bottom of the 1st over - 1 run(s), 0 hit(s), 0 error(s), 1 left on base; Augusta 0 - Santa Barbara 1
TOP OF THE 2ND
Augusta Timber Hawks batting - Pitching for Santa Barbara Golden Cranes : LHP Shunen Takahashi
Batting: RHB Casey Cavell 0-0: Ball
1-0: Ball
2-0: Foul Ball, location: 2F
2-1: Foul Ball, location: 2F
2-2: Ball
3-2: SOLO HOME RUN (Flyball, 7D), Distance : 392 ft
Batting: LHB Scott Kerin 0-0: Fly out, F8 (Flyball, 8LD)
Batting: RHB Anastasio Hernández 0-0: SINGLE (Line Drive, 4D)
Batting: RHB Uchino Akahito 0-0: Foul Ball, location: 2F
0-1: Called Strike
0-2: Grounds into double play, 4-6-3 (Groundball, 4)
Top of the 2nd over - 1 run(s), 2 hit(s), 0 error(s), 0 left on base; Augusta 1 - Santa Barbara 1
BOTTOM OF THE 2ND
Santa Barbara Golden Cranes batting - Pitching for Augusta Timber Hawks : RHP Ricardo Suárez
Batting: LHB Ruud van Ineveld 0-0: Ball
1-0: Ball
2-0: Ball
3-0: Called Strike
3-1: DOUBLE (Line Drive, 9LM)
Batting: RHB Rob Thomason 0-0: Swinging Strike
0-1: Ball
1-1: Called Strike
1-2: Foul Ball, location: 2F
1-2: Ball
2-2: Fly out, F9 (Flyball, 9LM)
Batting: RHB Jordan Hollins 0-0: Ball
1-0: Ball
Passed Ball!
Ruud van Ineveld to third
2-0: Fly out, F9 (Flyball, 9LM)
Runner from 3rd tags up, SCORES, no throw
Batting: LHB Manny Rosário 0-0: Foul Ball, location: 2F
0-1: Foul Ball, location: 2F
0-2: Ball
1-2: Foul Ball, location: 2F
1-2: Strikes out swinging
Bottom of the 2nd over - 1 run(s), 1 hit(s), 0 error(s), 0 left on base; Augusta 1 - Santa Barbara 2
TOP OF THE 3RD
Augusta Timber Hawks batting - Pitching for Santa Barbara Golden Cranes : LHP Shunen Takahashi
Batting: RHB Jorge López 0-0: Ball
1-0: Ball
2-0: Ground out 5-3 (Groundball, 56)
Batting: RHB Ramón Cabral 0-0: Ball
1-0: Ground out 5-3 (Groundball, 56)
Batting: LHB Luis Moreno 0-0: Ball
1-0: Foul Ball, location: 2F
1-1: Ball
2-1: Foul Ball, location: 2F
2-2: Ground out 4-3 (Groundball, 4S)
Top of the 3rd over - 0 run(s), 0 hit(s), 0 error(s), 0 left on base; Augusta 1 - Santa Barbara 2
BOTTOM OF THE 3RD
Santa Barbara Golden Cranes batting - Pitching for Augusta Timber Hawks : RHP Ricardo Suárez
Batting: RHB Luis Trevino 0-0: Foul Ball, location: 2F
0-1: Foul Ball, location: 2F
0-2: Ground out 5-3 (Groundball, 5S)
Batting: LHB Sixto Álvarez 0-0: Ball
1-0: Ball
2-0: SINGLE (Flyball, 8RS)
Batting: RHB Logan Manning 0-0: Called Strike
0-1: Called Strike
0-2: Fly out, F4 (Popup, 4D)
Batting: RHB Gilbert Graham 0-0: Ball
1-0: Fly out, F9 (Flyball, 9LS)
Bottom of the 3rd over - 0 run(s), 1 hit(s), 0 error(s), 1 left on base; Augusta 1 - Santa Barbara 2
TOP OF THE 4TH
Augusta Timber Hawks batting - Pitching for Santa Barbara Golden Cranes : LHP Shunen Takahashi
Batting: SHB Javier Valle 0-0: Ball
1-0: Swinging Strike
1-1: Foul Ball, location: 2F
1-2: Strikes out swinging
Batting: RHB Luis Tapia 0-0: Ball
1-0: Foul Ball, location: 2F
1-1: Ball
2-1: Ground out 6-3 (Groundball, 6MD)
Batting: RHB Casey Cavell 0-0: Called Strike
0-1: Ball
1-1: Ball
2-1: Ball
3-1: Foul Ball, location: 2F
3-2: Base on Balls
Batting: LHB Scott Kerin 0-0: Called Strike
0-1: Foul Ball, location: 2F
0-2: Ball
Casey Cavell steals 2nd base
1-2: Ground out 6-3 (Groundball, 6MS)
Top of the 4th over - 0 run(s), 0 hit(s), 0 error(s), 1 left on base; Augusta 1 - Santa Barbara 2
BOTTOM OF THE 4TH
Santa Barbara Golden Cranes batting - Pitching for Augusta Timber Hawks : RHP Ricardo Suárez
Batting: RHB Rubén Campos 0-0: Ball
1-0: Fly out, F8 (Flyball, 8RM)
Batting: LHB Ruud van Ineveld 0-0: Ball
1-0: Fly out, F9 (Flyball, 89XD)
Batting: RHB Rob Thomason 0-0: Ball
1-0: Called Strike
1-1: Swinging Strike
1-2: Ball
2-2: Ball
3-2: Base on Balls
Batting: RHB Jordan Hollins 0-0: Called Strike
0-1: Ball
1-1: Ball
2-1: Ball
Wild Pitch!
Rob Thomason to second
3-1: DOUBLE (Line Drive, 7LS)
Rob Thomason scores
Batting: LHB Manny Rosário 0-0: Ball
1-0: Ball
2-0: SINGLE (Line Drive, 4MD)
Jordan Hollins to third
Runner from 3rd tries for Home, SAFE, no throw
Batting: RHB Luis Trevino 0-0: Ball
1-0: Ground out 5-3 (Groundball, 56S)
Bottom of the 4th over - 2 run(s), 2 hit(s), 0 error(s), 1 left on base; Augusta 1 - Santa Barbara 4
TOP OF THE 5TH
Augusta Timber Hawks batting - Pitching for Santa Barbara Golden Cranes : LHP Shunen Takahashi
Batting: RHB Anastasio Hernández 0-0: Ground out U3 (Groundball, 3)
Batting: RHB Uchino Akahito 0-0: Called Strike
0-1: Foul Ball, location: 2F
0-2: Ball
1-2: Foul Ball, location: 2F
1-2: Strikes out swinging
Batting: RHB Jorge López 0-0: Ball
1-0: Called Strike
1-1: Swinging Strike
1-2: Ball
2-2: Fly out, F9 (Flyball, 9)
Top of the 5th over - 0 run(s), 0 hit(s), 0 error(s), 0 left on base; Augusta 1 - Santa Barbara 4
BOTTOM OF THE 5TH
Santa Barbara Golden Cranes batting - Pitching for Augusta Timber Hawks : RHP Ricardo Suárez
Batting: LHB Sixto Álvarez 0-0: Foul Ball, location: 2F
0-1: Ball
1-1: Swinging Strike
1-2: Ground out 4-3 (Groundball, 4M)
Batting: RHB Logan Manning 0-0: SINGLE (Line Drive, 4MD)
Batting: RHB Gilbert Graham 0-0: Called Strike
0-1: Ball
1-1: Foul Ball, location: 2F
1-2: Ball
2-2: Ball
3-2: Fly out, F5 (Popup, 56S)
Batting: RHB Rubén Campos 0-0: Ball
Logan Manning is caught stealing 2nd base
Bottom of the 5th over - 0 run(s), 1 hit(s), 0 error(s), 0 left on base; Augusta 1 - Santa Barbara 4
TOP OF THE 6TH
Augusta Timber Hawks batting - Pitching for Santa Barbara Golden Cranes : LHP Shunen Takahashi
Batting: RHB Ramón Cabral 0-0: Called Strike
0-1: Called Strike
0-2: Ball
1-2: Strikes out swinging
Batting: LHB Luis Moreno 0-0: Ball
1-0: Foul Ball, location: 2F
1-1: Foul Ball, location: 2F
1-2: Strikes out looking
Batting: SHB Javier Valle 0-0: Called Strike
0-1: Ball
1-1: Swinging Strike
1-2: Strikes out looking
Top of the 6th over - 0 run(s), 0 hit(s), 0 error(s), 0 left on base; Augusta 1 - Santa Barbara 4
BOTTOM OF THE 6TH
Santa Barbara Golden Cranes batting - Pitching for Augusta Timber Hawks : RHP Ricardo Suárez
Batting: RHB Rubén Campos 0-0: Ball
1-0: Called Strike
1-1: Ground out 6-3 (Groundball, 6)
Batting: LHB Ruud van Ineveld 0-0: Called Strike
0-1: Foul Ball, location: 2F
0-2: SINGLE (Line Drive, 6D)
Batting: RHB Rob Thomason 0-0: Ball
Ruud van Ineveld steals 2nd base
1-0: Swinging Strike
1-1: Foul Ball, location: 2F
1-2: Ground out 5-3 (Groundball, 5S)
Ruud van Ineveld to third
Pitching: RHP Esteban Marino
Batting: RHB Jordan Hollins 0-0: Called Strike
0-1: Ball
1-1: Foul Ball, location: 2F
1-2: Strikes out swinging
Bottom of the 6th over - 0 run(s), 1 hit(s), 0 error(s), 1 left on base; Augusta 1 - Santa Barbara 4
TOP OF THE 7TH
Augusta Timber Hawks batting - Pitching for Santa Barbara Golden Cranes : LHP Shunen Takahashi
Batting: RHB Luis Tapia 0-0: Called Strike
0-1: Ball
1-1: Ball
2-1: Swinging Strike
2-2: Foul Ball, location: 2F
2-2: Foul Ball, location: 2F
2-2: Foul Ball, location: 2F
2-2: Ball
3-2: Ground out 2-3 (Groundball, 15S)
Batting: RHB Casey Cavell 0-0: Called Strike
0-1: Swinging Strike
0-2: Strikes out swinging
Batting: LHB Scott Kerin 0-0: Ball
1-0: Called Strike
1-1: Ball
2-1: Foul Ball, location: 2F
2-2: Foul Ball, location: 2F
2-2: Ball
3-2: Strikes out swinging
Top of the 7th over - 0 run(s), 0 hit(s), 0 error(s), 0 left on base; Augusta 1 - Santa Barbara 4
BOTTOM OF THE 7TH
Santa Barbara Golden Cranes batting - Pitching for Augusta Timber Hawks : RHP Esteban Marino
Batting: LHB Manny Rosário 0-0: Ball
1-0: SOLO HOME RUN (Flyball, 9D), Distance : 355 ft
Batting: RHB Luis Trevino 0-0: SINGLE (Groundball, 56D)
Batting: LHB Sixto Álvarez 0-0: Called Strike
0-1: Ground out 2-3 (Groundball, 15S)
Luis Trevino to second
Batting: RHB Logan Manning 0-0: Called Strike
0-1: Fly out, F8 (Flyball, 8RM)
Batting: RHB Gilbert Graham 0-0: Foul Ball, location: 2F
0-1: Foul Ball, location: 2F
0-2: Ball
1-2: Ball
2-2: Fly out, F7 (Flyball, 78S)
Bottom of the 7th over - 1 run(s), 2 hit(s), 0 error(s), 1 left on base; Augusta 1 - Santa Barbara 5
TOP OF THE 8TH
Augusta Timber Hawks batting - Pitching for Santa Barbara Golden Cranes : LHP Shunen Takahashi
Batting: RHB Anastasio Hernández 0-0: Called Strike
0-1: Foul Ball, location: 2F
0-2: Ground out 6-3 (Groundball, 6)
Batting: RHB Uchino Akahito 0-0: Swinging Strike
0-1: Called Strike
0-2: Foul Ball, location: 2F
0-2: Ball
1-2: Foul Ball, location: 2F
1-2: Strikes out looking
Batting: RHB Jorge López 0-0: Swinging Strike
0-1: Ball
1-1: Foul Ball, location: 2F
1-2: Ground out 1-3 (Groundball, 15S)
Top of the 8th over - 0 run(s), 0 hit(s), 0 error(s), 0 left on base; Augusta 1 - Santa Barbara 5
BOTTOM OF THE 8TH
Santa Barbara Golden Cranes batting - Pitching for Augusta Timber Hawks : RHP Esteban Marino
Batting: RHB Rubén Campos 0-0: Called Strike
0-1: Foul Ball, location: 2F
0-2: Strikes out looking
Batting: LHB Ruud van Ineveld 0-0: Swinging Strike
0-1: Ball
1-1: Foul Ball, location: 2F
1-2: Ball
2-2: Ball
3-2: Fly out, F7 (Flyball, 7S)
Batting: RHB Rob Thomason 0-0: Ball
1-0: Ball
2-0: Fly out, F8 (Flyball, 8LD)
Bottom of the 8th over - 0 run(s), 0 hit(s), 0 error(s), 0 left on base; Augusta 1 - Santa Barbara 5
TOP OF THE 9TH
Augusta Timber Hawks batting - Pitching for Santa Barbara Golden Cranes : LHP Shunen Takahashi
Pitching: RHP José Peńa
Batting: RHB Ramón Cabral 0-0: Foul Ball, location: 2F
0-1: Fly out, F8 (Flyball, 8RD)
Batting: LHB Luis Moreno 0-0: Called Strike
0-1: Ball
1-1: Foul Ball, location: 2F
1-2: Ball
2-2: Strikes out swinging
Batting: SHB Javier Valle 0-0: Foul Ball, location: 2F
0-1: Ball
1-1: Fly out, F5 (Flyball, 56D)
Top of the 9th over - 0 run(s), 0 hit(s), 0 error(s), 0 left on base; Augusta 1 - Santa Barbara 5
Saturday, May 26th, 2018 - OOTP Baseball 17.12 Build 75